Map: Ruins of Endion

Players

noelopaN - Winner!

  • Race: Protoss Protoss
  • League: Silver
  • Spawn Location: 7:00

Fropez

  • Race: Protoss Protoss
  • League: Silver
  • Spawn Location: 5:00

VOD

Have the link to the VOD?

Description

Time

  • Played on: May 27, 2016, 11:29 p.m.
  • Length: 9:46
Show
View Real Time Build Order
Export as new Build Order

noelopaN Protoss - Winner!

Build Orders:  

Get SALT Encoding   

  12  0:01  Probe (Chrono Boost)  
  13  0:11  Probe (Chrono Boost)  
  14  0:24  Pylon  
  14  0:25  Probe (Chrono Boost)  
  15  0:29  Assimilator  
  15  0:42  Probe (Chrono Boost)  
  16  0:48  Pylon  
  16  0:53  Probe (Chrono Boost)  
  17  1:03  Probe (Chrono Boost)  
  18  1:09  Gateway  
  18  1:14  Probe (Chrono Boost)  
  19  1:24  Probe (Chrono Boost)  
  20  1:25  Assimilator  
  20  1:43  Nexus  
  20  1:50  Probe (Chrono Boost)  
  22  2:01  Probe (Chrono Boost), Cybernetics Core  
  22  2:12  Probe (Chrono Boost)  
  23  2:18  Gateway  
  23  2:22  Probe (Chrono Boost)  
  24  2:27  Pylon  
  24  2:41  Stalker (Chrono Boost)  
  25  2:46  Mothership Core  
  27  2:55  Warp Gate  
  27  3:00  Stargate  
  27  3:01  Pylon, Probe  
  28  3:11  Probe  
  28  3:12  Probe  
  30  3:24  Probe  
  31  3:31  Probe  
  32  3:37  Probe  
  32  3:57  Zealot (Chrono Boost)  
  34  4:04  Probe  
  32  4:20  Gateway, Zealot (Chrono Boost)  
  34  4:24  Gateway  
  34  4:27  Probe  
  35  4:42  Oracle (Chrono Boost)  
  40  4:58  Probe  
  40  4:59  Probe  
  40  5:12  Probe  
  40  5:13  Probe  
  41  5:17  Stalker  
  44  5:24  Void Ray (Chrono Boost), Probe  
  49  5:28  Probe  
  49  5:33  Forge  
  49  5:34  Probe  
  50  5:41  Stalker  
  50  5:42  Stalker  
  55  5:48  Probe  
  55  5:49  Probe  
  57  5:55  Sentry, Stalker  
  61  6:14  Pylon  
  61  6:16  Pylon  
  61  6:17  Assimilator  
  61  6:19  Void Ray (Chrono Boost)  
  62  6:28  Assimilator  
  62  6:37  Stalker x2  
  62  6:38  Stalker x2  
  70  6:44  Pylon  
  70  6:45  Protoss Ground Weapons Level 1 (Chrono Boost)  
  70  6:54  Probe  
  70  6:55  Void Ray (Chrono Boost)  
  75  7:04  Probe  
  76  7:10  Robotics Facility  
  76  7:15  Probe  
  76  7:16  Stargate  
  77  7:25  Forge  
  77  7:27  Probe  
  78  7:35  Oracle  
  81  7:45  Probe  
  82  7:55  Stalker x2  
  86  8:03  Pylon  
  86  8:06  Probe  
  86  8:07  Observer  
  86  8:08  Pylon  
  86  8:10  Pylon  
  86  8:19  Pylon  
  86  8:20  Void Ray  
  86  8:21  Pylon, Probe  
  86  8:23  Pylon x2  
  86  8:24  Void Ray  
  95  8:33  Probe  
  96  9:01  Stalker  
  96  9:02  Stalker  
  98  9:05  Stalker  
  98  9:06  Mothership Core  
  98  9:08  Stalker  
Show
View Real Time Build Order
Export as new Build Order

Fropez Protoss 

Build Orders:  

Get SALT Encoding   

  12  0:01  Probe (Chrono Boost)  
  13  0:16  Pylon  
  13  0:18  Probe (Chrono Boost)  
  14  0:30  Probe (Chrono Boost)  
  15  0:38  Gateway  
  15  0:49  Probe (Chrono Boost)  
  16  0:52  Assimilator  
  16  1:00  Probe (Chrono Boost)  
  17  1:10  Probe (Chrono Boost)  
  18  1:13  Pylon  
  18  1:21  Probe (Chrono Boost)  
  19  1:29  Cybernetics Core  
  19  1:32  Gateway  
  19  1:37  Probe (Chrono Boost)  
  20  1:47  Probe (Chrono Boost), Assimilator  
  21  1:58  Probe (Chrono Boost)  
  22  2:05  Stalker  
  26  2:16  Mothership Core (Chrono Boost)  
  26  2:21  Stalker  
  28  2:42  Stalker, Warp Gate (Chrono Boost)  
  30  2:55  Pylon, Probe (Chrono Boost)  
  31  3:13  Probe, Stalker  
  30  3:51  Probe  
  30  3:54  Stalker  
  30  3:55  Stalker  
  33  4:03  Probe  
  33  4:08  Nexus  
  34  4:10  Pylon  
  34  4:15  Probe  
  35  4:30  Probe  
  36  4:31  Forge  
  36  4:33  Stalker x2  
  40  4:42  Probe  
  41  4:54  Probe  
  41  4:58  Gateway, Stalker x2  
  46  5:00  Pylon  
  46  5:06  Probe  
  47  5:11  Protoss Ground Weapons Level 1 (Chrono Boost)  
  47  5:23  Pylon  
  47  5:24  Assimilator  
  47  5:27  Stalker  
  49  5:29  Assimilator  
  49  5:41  Stalker  
  51  5:44  Probe  
  51  5:45  Probe  
  53  5:55  Probe  
  54  5:57  Stalker x2  
  48  6:22  Stalker x2  
  48  6:23  Stalker  
  50  6:43  Probe  
  50  6:46  Gateway  
  51  6:52  Protoss Ground Armor Level 1 (Chrono Boost)  
  51  6:57  Probe x2  
  53  7:07  Probe  
  53  7:09  Probe, Stalker  
  53  7:12  Stalker  
  59  7:21  Stalker  
  61  7:42  Probe  
  61  7:43  Probe  
  63  7:45  Robotics Facility  
  63  7:53  Probe  
  63  7:56  Stalker  
  63  7:57  Twilight Council, Probe  
  67  8:02  Pylon  
  63  8:16  Stalker  
  63  8:17  Stalker x2  
  69  8:27  Probe x2  
  59  8:49  Stalker  
  59  8:50  Stalker  
  55  9:07  Stalker  
  55  9:08  Stalker  
  57  9:11  Probe  
  57  9:13  Probe  
  57  9:14  Observer  
Tags
 
Matchup
PvP
Replay Pack
All Mines
Spawn Locations
Close Positions
Add a new tag
Caveats
  • Supply blocks, unpowered buildings, or Contaminate may cause inaccurate times.
  • Supply counts are checked every 10 seconds.